[Event "Rated Blitz game"]
[Site "?"]
[Date "2021.01.21"]
[Round "?"]
[White "Just4theLOLZ"]
[Black "JustOK"]
[Result "1-0"]
[ECO "C42"]
[WhiteElo "2561"]
[BlackElo "2386"]
[PlyCount "61"]
[EventDate "2021.??.??"]
[EventType "blitz"]
[TimeControl "180+2"]

1. e4 e5 2. Nf3 Nf6 3. Nxe5 d6 4. Nxf7 Kxf7 5. Nc3 Be7 6. Bc4+ Be6 7. Bxe6+
Kxe6 8. d4 Rf8 9. f4 Kf7 10. O-O Kg8 11. Be3 Nbd7 12. e5 Ne8 13. Qe2 g6 14.
Rad1 Ng7 15. g4 Nb6 16. a4 a5 17. d5 Qe8 18. Bxb6 cxb6 19. Nb5 Qd7 20. e6 Qc8
21. Kh1 Qc5 22. c4 Rac8 23. b3 Qb4 24. Rd3 Qc5 25. Rdf3 Bf6 26. f5 g5 27. Qf2
Ne8 28. Qg3 Be5 29. Qh3 Nc7 30. f6 Ne8 31. f7+ {Normal} 1-0

[Event "Rated Blitz tournament F2ZUWbCJ"]
[Site "?"]
[Date "2021.01.21"]
[Round "?"]
[White "Schach_du_Nase"]
[Black "Bierkules"]
[Result "1-0"]
[ECO "C42"]
[WhiteElo "2454"]
[BlackElo "2373"]
[PlyCount "129"]
[EventDate "2021.??.??"]
[EventType "blitz"]
[TimeControl "300"]

1. e4 e5 2. Nf3 Nf6 3. Nxe5 d6 4. Nxf7 Kxf7 5. d4 c5 6. Nc3 Bg4 7. f3 cxd4 8.
Qxd4 Nc6 9. Bc4+ d5 10. Bxd5+ Nxd5 11. Qxd5+ Be6 12. Qxd8 Rxd8 13. Bd2 Bc5 14.
O-O-O Rhe8 15. a3 a6 16. Bf4 Nd4 17. b4 Ba7 18. Kb2 Rc8 19. Be3 Red8 20. Rd3
Bc4 21. Rd2 Nb5 22. Rxd8 Rxd8 23. Bxa7 Nxa7 24. Rd1 Rxd1 25. Nxd1 Nb5 26. Ne3
Be6 27. c4 Nd4 28. Kc3 Ne2+ 29. Kd2 Nd4 30. Kd3 Nc6 31. f4 Ke7 32. g4 a5 33. b5
Nd8 34. c5 Kd7 35. f5 Bf7 36. e5 Kc7 37. Kd4 h6 38. h4 Be8 39. a4 Bf7 40. e6
Bxe6 41. fxe6 Nxe6+ 42. Kd5 Nf4+ 43. Kc4 Kd7 44. Nf5 Ng6 45. Kd4 Ne7 46. Nxe7
Kxe7 47. Kd5 Kd7 48. g5 hxg5 49. hxg5 g6 50. Ke5 Ke7 51. c6 bxc6 52. bxc6 Kd8
53. Kf6 Kc7 54. Kxg6 Kxc6 55. Kf7 Kc5 56. g6 Kb4 57. g7 Kxa4 58. g8=Q Kb4 59.
Qg1 a4 60. Qa1 Ka5 61. Ke6 Kb4 62. Kd5 a3 63. Kd4 Ka4 64. Kc4 a2 65. Qxa2# {
Normal} 1-0

[Event "Rated Blitz game"]
[Site "?"]
[Date "2021.01.21"]
[Round "?"]
[White "dbestsmiles"]
[Black "Perfection_Ratee"]
[Result "0-1"]
[ECO "C42"]
[WhiteElo "2397"]
[BlackElo "2418"]
[PlyCount "110"]
[EventDate "2021.??.??"]
[EventType "blitz"]
[TimeControl "180"]

1. e4 e5 2. Nf3 Nf6 3. Nxe5 d6 4. Nxf7 Kxf7 5. d4 c5 6. Bc4+ Be6 7. Bxe6+ Kxe6
8. O-O cxd4 9. c3 d5 10. e5 Ne4 11. cxd4 Be7 12. f3 Ng5 13. f4 Ne4 14. f5+ Kd7
15. Qb3 Kc7 16. Nc3 Nxc3 17. bxc3 Nc6 18. Bf4 Rc8 19. e6+ Bd6 20. Qxd5 Bxf4 21.
Qxd8+ Rhxd8 22. Rxf4 Ne7 23. c4 Kb8 24. d5 Rc5 25. g4 b5 26. g5 bxc4 27. f6
gxf6 28. gxf6 Nxd5 29. e7 Rdc8 30. Rf5 c3 31. Rxd5 Rxd5 32. f7 Rdd8 33. Rf1 Rf8
34. exf8=Q Rxf8 35. Rc1 Rxf7 36. Rxc3 Re7 37. Kf2 Rb7 38. Rb3 Rxb3 39. axb3 Kb7
40. Ke3 Kb6 41. Kf4 Kb5 42. Kg5 Kb4 43. Kh6 Kxb3 44. Kxh7 a5 45. h4 a4 46. h5
a3 47. Kg6 a2 48. h6 a1=Q 49. h7 Qh8 50. Kh6 Kc4 51. Kg6 Kd5 52. Kh6 Ke6 53.
Kg6 Ke7 54. Kh6 Kf7 55. Kh5 Kf6 {Normal} 0-1

[Event "Rated Blitz game"]
[Site "?"]
[Date "2021.01.20"]
[Round "?"]
[White "Dmitry_Gritsenko"]
[Black "X_Infinity_X"]
[Result "1-0"]
[ECO "C42"]
[WhiteElo "2468"]
[BlackElo "2467"]
[PlyCount "165"]
[EventDate "2021.??.??"]
[EventType "blitz"]
[TimeControl "180"]

1. e4 e5 2. Nf3 Nf6 3. Nxe5 d6 4. Nxf7 Kxf7 5. d4 Be7 6. Nc3 Rf8 7. Bc4+ Ke8 8.
O-O Nbd7 9. f4 Nb6 10. Bb3 Bg4 11. Qe1 d5 12. e5 Ne4 13. Nxe4 dxe4 14. Qxe4 Bf5
15. Qe3 c6 16. c3 Qd7 17. h3 Be6 18. Kh1 Bxb3 19. axb3 Nd5 20. Qf3 g6 21. c4
Nc7 22. Be3 a6 23. Rad1 Rd8 24. Rd2 Bb4 25. Rd3 Ne6 26. d5 Nc5 27. Bxc5 Bxc5
28. e6 Qc7 29. Qe4 cxd5 30. cxd5 Bd6 31. g3 Ke7 32. Rc3 Qb6 33. g4 Rc8 34. Rcf3
Qb4 35. Qxb4 Bxb4 36. f5 gxf5 37. gxf5 Rf6 38. Rg1 Rcf8 39. Rg7+ Ke8 40. Rxb7
Rxf5 41. Rxf5 Rxf5 42. Rxb4 Rxd5 43. Rb7 Re5 44. Rxh7 Rxe6 45. Ra7 Rb6 46. h4
Kf8 47. h5 Kg8 48. h6 Rxb3 49. Rxa6 Rxb2 50. Kg1 Kh7 51. Kf1 Rb5 52. Ra7+ Kxh6
53. Ra6+ Kh5 54. Rf6 Kg5 55. Re6 Kf5 56. Rc6 Re5 57. Kg2 Ke4 58. Kf2 Rf5+ 59.
Ke2 Kf4 60. Rc4+ Kg5 61. Rc6 Kf4 62. Rd6 Kg5 63. Re6 Kg4 64. Re8 Kg5 65. Ke3
Kg4 66. Rg8+ Rg5 67. Rh8 Kf5 68. Rh4 Rg4 69. Rh5+ Rg5 70. Rh2 Kg4 71. Rg2+ Kf5
72. Rf2+ Kg6 73. Rf1 Kh5 74. Rh1+ Kg6 75. Rh2 Rg4 76. Rh3 Kg5 77. Rh7 Rh4 78.
Rf7 Kh5 79. Rf6 Kg4 80. Rg6+ Kh3 81. Rg7 Rg4 82. Rh7+ Kg3 83. Rh8 {Time forfeit
} 1-0

[Event "Rated Blitz game"]
[Site "?"]
[Date "2021.01.20"]
[Round "?"]
[White "Dmitry_Gritsenko"]
[Black "X_Infinity_X"]
[Result "0-1"]
[ECO "C42"]
[WhiteElo "2468"]
[BlackElo "2467"]
[PlyCount "44"]
[EventDate "2021.??.??"]
[EventType "blitz"]
[TimeControl "180"]

1. e4 e5 2. Nf3 Nf6 3. Nxe5 d6 4. Nxf7 Kxf7 5. d4 Be7 6. Nc3 Re8 7. Bc4+ Kf8 8.
O-O Nbd7 9. f4 Nb6 10. Bb3 c5 11. e5 cxd4 12. exf6 Bxf6 13. Qh5 Be6 14. Ne4
Bxb3 15. Nxf6 Qxf6 16. axb3 Kg8 17. f5 Nd5 18. Bg5 Qe5 19. Kh1 Ne3 20. Bxe3
dxe3 21. Rae1 Re7 22. f6 Qxh5 {Normal} 0-1

[Event "Rated Blitz game"]
[Site "?"]
[Date "2021.01.18"]
[Round "?"]
[White "Kamaldaoudi"]
[Black "AlpakaPower"]
[Result "1/2-1/2"]
[ECO "C42"]
[WhiteElo "2315"]
[BlackElo "2469"]
[PlyCount "110"]
[EventDate "2021.??.??"]
[EventType "blitz"]
[TimeControl "180"]

1. e4 e5 2. Nf3 Nf6 3. Nxe5 d6 4. Nxf7 Kxf7 5. Nc3 c5 6. Bc4+ Be6 7. Bxe6+ Kxe6
8. f4 Be7 9. d4 cxd4 10. Qxd4 Nc6 11. Qc4+ Kd7 12. O-O Qb6+ 13. Kh1 Qc5 14. Qe2
Rad8 15. Be3 Qh5 16. Qc4 Kc8 17. Nd5 Kb8 18. Qa4 a6 19. Bb6 Rc8 20. Rad1 Bd8
21. Bg1 Re8 22. Nxf6 gxf6 23. Rxd6 Qe2 24. Rfd1 Rxe4 25. Qb3 Qb5 26. Qf3 f5 27.
R6d5 Qe2 28. Qh3 Bc7 29. Qxf5 Rxf4 30. Qxh7 Rg4 31. Qh3 Rcg8 32. R5d2 Qe4 33.
b4 Nxb4 34. Rd4 Qxd4 35. Rxd4 Rxg2 36. Qxg2 Rxg2 37. Kxg2 Nxc2 38. Rf4 Bxf4 39.
Kf3 Bxh2 40. Bxh2+ Kc8 41. Bf4 Nb4 42. Ke4 Nxa2 43. Kd5 Nb4+ 44. Kc4 Nc6 45.
Kd5 Kd7 46. Kc5 b5 47. Kb6 b4 48. Kxa6 Ke6 49. Bc1 Kd5 50. Kb5 Kd6 51. Ka4 Kd5
52. Kb3 Nd4+ 53. Kb2 Kc4 54. Bd2 Nb5 55. Bxb4 Kxb4 {Normal} 1/2-1/2

[Event "Rated Blitz tournament 8nq0bYWB"]
[Site "?"]
[Date "2021.01.18"]
[Round "?"]
[White "rasulovvugar"]
[Black "TsapulinAnatoly"]
[Result "1/2-1/2"]
[ECO "C42"]
[WhiteElo "2607"]
[BlackElo "2488"]
[PlyCount "136"]
[EventDate "2021.??.??"]
[EventType "blitz"]
[TimeControl "180"]

1. e4 e5 2. Nf3 Nf6 3. Nxe5 d6 4. Nxf7 Kxf7 5. d4 Nc6 6. Bc4+ Ke8 7. O-O a6 8.
Nc3 b5 9. Bb3 Na5 10. Bg5 Nxb3 11. axb3 Be7 12. Qf3 Bb7 13. Qh3 Qd7 14. Qh4 h6
15. e5 Nd5 16. Bxe7 Qxe7 17. Qh5+ Qf7 18. Qxf7+ Kxf7 19. exd6 Nxc3 20. bxc3
cxd6 21. Rfe1 Rhe8 22. f3 Rac8 23. Rxe8 Rxe8 24. c4 bxc4 25. bxc4 Rc8 26. Ra4
Ke6 27. Kf2 Ra8 28. Ke3 a5 29. d5+ Kd7 30. Kd4 g5 31. c5 dxc5+ 32. Kxc5 Rc8+
33. Kd4 Rxc2 34. Rxa5 Rxg2 35. Ra7 Kc7 36. d6+ Kb6 37. Ra3 Rd2+ 38. Ke5 Re2+
39. Kf6 Kc6 40. Rb3 Bc8 41. Rc3+ Kd7 42. Rc7+ Kd8 43. Rh7 Re6+ 44. Kg7 Rxd6 45.
Rxh6 Rd3 46. Rf6 Bb7 47. Kg6 Bxf3 48. Kxg5 Bb7 49. h4 Rg3+ 50. Kf4 Rh3 51. Kg5
Rg3+ 52. Kf4 Rf3+ 53. Kg5 Rh3 54. h5 Be4 55. Rf4 Bd3 56. Rd4+ Ke7 57. Rf4 Ke6
58. h6 Rg3+ 59. Kh4 Rg1 60. Kh5 Rh1+ 61. Kg5 Be2 62. Rg4 Bxg4 63. Kg6 Bf5+ 64.
Kg7 Rg1+ 65. Kf8 Rg6 66. h7 Rh6 67. h8=Q Rh7 68. Qxh7 Bxh7 {Normal} 1/2-1/2

[Event "Rated Blitz tournament QLvVMjlF"]
[Site "?"]
[Date "2021.01.17"]
[Round "?"]
[White "Cresswell"]
[Black "vanyogt"]
[Result "1-0"]
[ECO "C42"]
[WhiteElo "2488"]
[BlackElo "2395"]
[PlyCount "61"]
[EventDate "2021.??.??"]
[EventType "blitz"]
[TimeControl "180"]

1. e4 e5 2. Nf3 Nf6 3. Nxe5 d6 4. Nxf7 Kxf7 5. d4 g6 6. Nc3 Bg7 7. Bc4+ Be6 8.
Bxe6+ Kxe6 9. Qf3 c6 10. O-O Re8 11. e5 dxe5 12. dxe5 Nd5 13. Ne4 h6 14. Nc5+
Ke7 15. Qg4 Kf7 16. e6+ Kg8 17. Qxg6 Na6 18. Bxh6 Qf6 19. Qxf6 Bxf6 20. Nxa6
bxa6 21. Rae1 Bxb2 22. f4 Bd4+ 23. Kh1 Ne3 24. f5 Nxf1 25. Rxf1 Rab8 26. g4 Rb2
27. g5 Rxc2 28. f6 Bxf6 29. gxf6 Rxe6 30. f7+ Kh7 31. f8=Q {Time forfeit} 1-0

[Event "Rated Blitz game"]
[Site "?"]
[Date "2021.01.15"]
[Round "?"]
[White "showmaster33"]
[Black "great_tal"]
[Result "0-1"]
[ECO "C42"]
[WhiteElo "2417"]
[BlackElo "2288"]
[PlyCount "78"]
[EventDate "2021.??.??"]
[EventType "blitz"]
[TimeControl "180"]

1. e4 e5 2. Nf3 Nf6 3. Nxe5 d6 4. Nxf7 Kxf7 5. d4 c5 6. Nc3 cxd4 7. Bc4+ Be6 8.
Qxd4 Nc6 9. Bxe6+ Kxe6 10. Qc4+ Kd7 11. Bg5 Be7 12. O-O-O Qa5 13. Nd5 Nxd5 14.
exd5 Ne5 15. Qh4 Rae8 16. Kb1 h6 17. Bxe7 Rxe7 18. f4 Nf7 19. Qg4+ Kd8 20. Qxg7
Rhe8 21. b3 Qb4 22. g3 a5 23. a4 b5 24. Rd4 Qc5 25. axb5 Qxb5 26. Kb2 Qc5 27.
Ra1 Re2 28. Rc4 Qxd5 29. Rd4 Qc6 30. Rc4 Qb6 31. Qxf7 R8e7 32. Qf8+ Re8 33.
Qf6+ Kd7 34. Rd1 R2e6 35. Qf5 Rb8 36. Re1 d5 37. Qxd5+ Ke7 38. Rc7+ Kf6 39. Qd6
Rxd6 {Normal} 0-1

[Event "Rated Blitz game"]
[Site "?"]
[Date "2021.01.15"]
[Round "?"]
[White "EinarHjalti"]
[Black "JustOK"]
[Result "1-0"]
[ECO "C42"]
[WhiteElo "2503"]
[BlackElo "2398"]
[PlyCount "35"]
[EventDate "2021.??.??"]
[EventType "blitz"]
[TimeControl "180+2"]

1. e4 e5 2. Nf3 Nf6 3. Nxe5 d6 4. Nxf7 Kxf7 5. d4 c5 6. Nc3 Nc6 7. Bc4+ Be6 8.
Bxe6+ Kxe6 9. d5+ Kf7 10. dxc6 bxc6 11. O-O Be7 12. f4 Nd7 13. e5 d5 14. Qg4
Nf8 15. f5 h5 16. Qf3 Bg5 17. f6 g6 18. Bxg5 {Normal} 1-0

[Event "Rated Blitz game"]
[Site "?"]
[Date "2021.01.15"]
[Round "?"]
[White "berval"]
[Black "readycash"]
[Result "0-1"]
[ECO "C42"]
[WhiteElo "2475"]
[BlackElo "2512"]
[PlyCount "92"]
[EventDate "2021.??.??"]
[EventType "blitz"]
[TimeControl "180"]

1. e4 e5 2. Nf3 Nf6 3. Nxe5 d6 4. Nxf7 Kxf7 5. d4 c5 6. dxc5 Nc6 7. Nc3 dxc5 8.
Bc4+ Be6 9. Qe2 Nd4 10. Bxe6+ Kxe6 11. Qc4+ Kd7 12. O-O Bd6 13. f4 Qe7 14. e5
Bxe5 15. fxe5 Qxe5 16. Bf4 Qe6 17. Qd3 Rad8 18. Rae1 Qc6 19. Qh3+ Ne6 20. Nb5
Nd5 21. Rd1 Qxb5 22. Rxd5+ Ke7 23. Qh4+ Kf7 24. Bc7+ Qxf1+ 25. Kxf1 Rxd5 26.
Bg3 h5 27. Qa4 h4 28. Bf2 a6 29. Qb3 Rd7 30. Qf3+ Ke7 31. Qg4 g5 32. c3 Rf8 33.
Ke2 Rd5 34. Be3 Re5 35. Kd2 Rd8+ 36. Ke2 Nf4+ 37. Kf3 Rd3 38. Qc8 Rdxe3+ 39.
Kg4 R3e4 40. Qxb7+ Kf6 41. Qc6+ Ne6+ 42. Kh5 g4+ 43. Kh6 g3 44. hxg3 hxg3 45.
Kh7 Rh4+ 46. Kg8 Rg5# {Normal} 0-1

[Event "Rated Blitz game"]
[Site "?"]
[Date "2021.01.15"]
[Round "?"]
[White "berval"]
[Black "Goldi70"]
[Result "1-0"]
[ECO "C42"]
[WhiteElo "2504"]
[BlackElo "2384"]
[PlyCount "41"]
[EventDate "2021.??.??"]
[EventType "blitz"]
[TimeControl "180"]

1. e4 e5 2. Nf3 Nf6 3. Nxe5 d6 4. Nxf7 Kxf7 5. d4 c5 6. dxc5 Qa5+ 7. Nc3 dxc5
8. Bc4+ Be6 9. Bxe6+ Kxe6 10. Qe2 Nc6 11. e5 Nd5 12. Qg4+ Ke7 13. Bg5+ Ke8 14.
Qe6+ Nce7 15. Bxe7 Nxe7 16. O-O-O Qb6 17. Rd6 Qc7 18. Rhd1 Qc8 19. Rd7 a5 20.
Nd5 Ra6 21. Rxe7+ {Normal} 1-0

[Event "Rated Blitz game"]
[Site "?"]
[Date "2021.01.15"]
[Round "?"]
[White "derkannjagarnix"]
[Black "DonTomaso"]
[Result "1-0"]
[ECO "C42"]
[WhiteElo "2406"]
[BlackElo "2333"]
[PlyCount "95"]
[EventDate "2021.??.??"]
[EventType "blitz"]
[TimeControl "180+2"]

1. e4 e5 2. Nf3 Nf6 3. Nxe5 d6 4. Nxf7 Kxf7 5. Nc3 c5 6. Bc4+ Be6 7. Bxe6+ Kxe6
8. d4 Kf7 9. dxc5 Nc6 10. Qe2 d5 11. exd5 Nd4 12. Qc4 Nxc2+ 13. Kd1 Nxa1 14.
d6+ Kg6 15. h4 h5 16. Qd3+ Kf7 17. Qc4+ Kg6 18. Qd3+ Kf7 19. Qc4+ Ke8 20. Re1+
Kd7 21. Qe6+ Kc6 22. b4 Bxd6 23. b5+ Kc7 24. b6+ Kb8 25. cxd6 Re8 26. Bf4 axb6
27. Qxe8 Nxe8 28. Rxe8 Qxe8 29. d7+ Ka7 30. Nb5+ Ka6 31. Nc7+ Ka5 32. dxe8=Q
Rxe8 33. Nxe8 Kb4 34. Nxg7 Ka3 35. Be5 Kxa2 36. Nxh5 Nb3 37. Nf4 Nc5 38. h5 Ne4
39. Bd4 b5 40. Nd5 Kb3 41. f3 Ng5 42. Ne3 Nf7 43. g4 Ng5 44. h6 Nh7 45. f4 b6
46. g5 Nf8 47. f5 b4 48. g6 {Normal} 1-0

[Event "Rated Blitz game"]
[Site "?"]
[Date "2021.01.14"]
[Round "?"]
[White "Darth__Nihilus"]
[Black "MrSOK"]
[Result "0-1"]
[ECO "C42"]
[WhiteElo "2483"]
[BlackElo "2545"]
[PlyCount "132"]
[EventDate "2021.??.??"]
[EventType "blitz"]
[TimeControl "180"]

1. e4 e5 2. Nf3 Nf6 3. Nxe5 d6 4. Nxf7 Kxf7 5. d4 c6 6. Nc3 Be7 7. Bd3 Rf8 8.
O-O Kg8 9. f4 Bg4 10. Qe1 Na6 11. a3 Nc7 12. h3 Bd7 13. f5 Nb5 14. e5 Nxd4 15.
exf6 Bxf6 16. Qg3 Be8 17. Bf4 Qb6 18. Kh1 d5 19. Na4 Qa5 20. Nc3 Qd8 21. Rae1
Bd7 22. Be5 Re8 23. Bc7 Qc8 24. Rxe8+ Qxe8 25. Re1 Qf7 26. Qf2 Re8 27. g4 h5
28. Bg3 c5 29. Rxe8+ Bxe8 30. Ne2 Nxe2 31. Bxe2 Bxb2 32. Qxc5 Bc6 33. Bf3 hxg4
34. hxg4 g6 35. Qxa7 gxf5 36. Qb8+ Kh7 37. Qf4 Bd7 38. g5 Kg7 39. Kh2 Qe6 40.
a4 Bc6 41. Qh4 Be5 42. Bxe5+ Qxe5+ 43. Kg2 Qe6 44. Qf4 Kg6 45. Kg3 d4 46. Bxc6
bxc6 47. Qxd4 Kxg5 48. Qf4+ Kg6 49. a5 Qa2 50. Qd6+ Kg5 51. Qxc6 Qa3+ 52. Qf3
Qxa5 53. Qf4+ Kg6 54. Qd6+ Kf7 55. Qd7+ Kf6 56. Qd6+ Kg5 57. Qf4+ Kg6 58. Qd6+
Kg7 59. Qe7+ Kg8 60. Qe8+ Kh7 61. Qh5+ Kg7 62. Qg5+ Kf7 63. Qh5+ Ke6 64. Qh6+
Kd7 65. Qf8 Qc3+ 66. Kf4 Qf3+ {Time forfeit} 0-1

[Event "Rated Blitz game"]
[Site "?"]
[Date "2021.01.14"]
[Round "?"]
[White "Dmitry_Gritsenko"]
[Black "darthpetrov2000"]
[Result "1-0"]
[ECO "C42"]
[WhiteElo "2453"]
[BlackElo "2507"]
[PlyCount "39"]
[EventDate "2021.??.??"]
[EventType "blitz"]
[TimeControl "180"]

1. e4 e5 2. Nf3 Nf6 3. Nxe5 d6 4. Nxf7 Kxf7 5. d4 c5 6. Nc3 cxd4 7. Bc4+ Be6 8.
Bxe6+ Kxe6 9. Qxd4 Qc8 10. Bf4 Nc6 11. Qc4+ Ke7 12. O-O-O Qe6 13. Qb5 Rb8 14.
Bxd6+ Kf7 15. Bxb8 Nxb8 16. Qxb7+ Nbd7 17. Nd5 Qxe4 18. Rhe1 Qxg2 19. Qc7 Qg5+
20. f4 {Normal} 1-0

[Event "Rated Blitz game"]
[Site "?"]
[Date "2021.01.14"]
[Round "?"]
[White "Udar59"]
[Black "Shaginyan_A"]
[Result "0-1"]
[ECO "C42"]
[WhiteElo "2365"]
[BlackElo "2454"]
[PlyCount "56"]
[EventDate "2021.??.??"]
[EventType "blitz"]
[TimeControl "180"]

1. e4 e5 2. Nf3 Nf6 3. Nxe5 d6 4. Nxf7 Kxf7 5. d4 Qe8 6. Bd3 g6 7. O-O Bg7 8.
c4 Rf8 9. Nc3 Nc6 10. d5 Nd4 11. h3 c5 12. f4 Kg8 13. Be3 Nh5 14. g4 Ng3 15.
Rf2 g5 16. fxg5 Be5 17. Kg2 Bd7 18. Qd2 Rxf2+ 19. Bxf2 Qf7 20. Qe3 Bf4 21. Qe1
Nf3 22. Kxf3 Bd2+ 23. Kxg3 Bxe1 24. Bxe1 Rf8 25. Be2 Qf4+ 26. Kg2 Qe3 27. Bg3
a6 28. Rd1 b5 {Time forfeit} 0-1

[Event "Rated Blitz game"]
[Site "?"]
[Date "2021.01.13"]
[Round "?"]
[White "Roman_Morozov"]
[Black "micfel"]
[Result "1-0"]
[ECO "C42"]
[WhiteElo "2489"]
[BlackElo "2413"]
[PlyCount "87"]
[EventDate "2021.??.??"]
[EventType "blitz"]
[TimeControl "180"]

1. e4 e5 2. Nf3 Nf6 3. Nxe5 d6 4. Nxf7 Kxf7 5. d4 c6 6. Nc3 Be6 7. Qf3 Qa5 8.
Bd2 Qh5 9. Qf4 Nbd7 10. Be2 Qh6 11. Qf3 Bg4 12. Qd3 Qg6 13. f3 Be6 14. f4 Bg4
15. f5 Qh5 16. Bxg4 Nxg4 17. h3 Re8 18. O-O Ngf6 19. e5 dxe5 20. Qc4+ Ke7 21.
Qb4+ c5 22. dxc5 Kd8 23. Qxb7 Bxc5+ 24. Kh1 Bb6 25. Nb5 Nc5 26. Qxg7 Nfd7 27.
Nd6 Rhg8 28. Bg5+ Kc7 29. Nb5+ Kc6 30. Nxa7+ Kb7 31. Qh6 Rxg5 32. Qxh5 Rxh5 33.
b4 Bxa7 34. bxc5 Bxc5 35. Rab1+ Kc6 36. f6 Rf8 37. f7 e4 38. Rbe1 e3 39. Rf4
Ne5 40. g3 Rxf7 41. Rxf7 Nxf7 42. c4 Rxh3+ 43. Kg2 Rh5 44. Rb1 {Time forfeit}
1-0

[Event "Rated Blitz game"]
[Site "?"]
[Date "2021.01.13"]
[Round "?"]
[White "KaptenEvans"]
[Black "pete1988"]
[Result "1-0"]
[ECO "C42"]
[WhiteElo "2276"]
[BlackElo "2414"]
[PlyCount "71"]
[EventDate "2021.??.??"]
[EventType "blitz"]
[TimeControl "180"]

1. e4 e5 2. Nf3 Nf6 3. Nxe5 d6 4. Nxf7 Kxf7 5. d4 c5 6. dxc5 Nc6 7. Nc3 Be6 8.
cxd6 Qxd6 9. Qxd6 Bxd6 10. Bd3 Nb4 11. a3 Nxd3+ 12. cxd3 Rad8 13. Ke2 Bc5 14.
h3 Bb3 15. Be3 b6 16. Rac1 Rd7 17. Nb1 Rhd8 18. Rc3 Ba4 19. Bxc5 bxc5 20. Rxc5
Rxd3 21. Ra5 Bc6 22. Rxa7+ Kg6 23. f3 Nh5 24. Rc1 Bb5 25. Kf2 Rb3 26. Rc2 h6
27. Nc3 Bc4 28. Rc7 Rd4 29. Ke3 Rd3+ 30. Kf2 Rd4 31. g3 Kh7 32. f4 Bb5 33. Rc5
Ba6 34. Rxh5 Rd3 35. Rd5 Bb7 36. Rxd3 {Normal} 1-0

[Event "Rated Rapid game"]
[Site "?"]
[Date "2021.01.13"]
[Round "?"]
[White "Mahmoud-Qaddor"]
[Black "ckalja62"]
[Result "1-0"]
[ECO "C42"]
[WhiteElo "2432"]
[BlackElo "2347"]
[PlyCount "37"]
[EventDate "2021.??.??"]
[EventType "rapid"]
[TimeControl "600"]

1. e4 e5 2. Nf3 Nf6 3. Nxe5 d6 4. Nxf7 Kxf7 5. d4 c5 6. Nc3 cxd4 7. Qxd4 Nc6 8.
Bc4+ Be6 9. Bxe6+ Kxe6 10. Qc4+ d5 11. exd5+ Nxd5 12. Bf4 Bb4 13. O-O-O Bxc3
14. bxc3 Nce7 15. Rhe1+ Kf7 16. Rxe7+ Qxe7 17. Qxd5+ Qe6 18. Qxb7+ Kg6 19. Rd6
{Normal} 1-0

[Event "Rated Blitz game"]
[Site "?"]
[Date "2021.01.12"]
[Round "?"]
[White "LoneCypress"]
[Black "africanmorphy"]
[Result "0-1"]
[ECO "C42"]
[WhiteElo "2411"]
[BlackElo "2382"]
[PlyCount "30"]
[EventDate "2021.??.??"]
[EventType "blitz"]
[TimeControl "180"]

1. e4 e5 2. Nf3 Nf6 3. Nxe5 d6 4. Nxf7 Kxf7 5. d4 c6 6. Bd3 Be7 7. f4 Rf8 8. e5
dxe5 9. fxe5 Nd5 10. Qh5+ g6 11. Qxh7+ Ke6 12. Qxg6+ Kd7 13. Bf5+ Kc7 14. c4
Bxf5 15. Qg3 Bh4 {Normal} 0-1

[Event "Rated Blitz game"]
[Site "?"]
[Date "2021.01.11"]
[Round "?"]
[White "jflup"]
[Black "africanmorphy"]
[Result "1-0"]
[ECO "C42"]
[WhiteElo "2435"]
[BlackElo "2415"]
[PlyCount "33"]
[EventDate "2021.??.??"]
[EventType "blitz"]
[TimeControl "180"]

1. e4 e5 2. Nf3 Nf6 3. Nxe5 d6 4. Nxf7 Kxf7 5. d4 Be6 6. Nc3 Be7 7. f4 Re8 8.
f5 Bd7 9. Bc4+ Kf8 10. O-O c6 11. e5 dxe5 12. dxe5 Nd5 13. Nxd5 cxd5 14. Qxd5
Be6 15. fxe6+ Kg8 16. Qe4 Nc6 17. Be3 {Normal} 1-0

[Event "Rated Blitz game"]
[Site "?"]
[Date "2021.01.11"]
[Round "?"]
[White "ERjungle49"]
[Black "uriberto"]
[Result "1-0"]
[ECO "C42"]
[WhiteElo "2427"]
[BlackElo "2408"]
[PlyCount "79"]
[EventDate "2021.??.??"]
[EventType "blitz"]
[TimeControl "300"]

1. e4 e5 2. Nf3 Nf6 3. Nxe5 d6 4. Nxf7 Kxf7 5. Nc3 c6 6. d4 g6 7. h3 Bg7 8. Bd3
Rf8 9. O-O Kg8 10. Be3 Be6 11. f4 Qb6 12. Qd2 Nh5 13. Ne2 Qxb2 14. Rab1 Qa3 15.
Rxb7 c5 16. d5 Bc8 17. Rb3 Qxa2 18. g4 Nf6 19. e5 Nfd7 20. exd6 Ba6 21. Bxa6
Nxa6 22. f5 Nb4 23. Rc1 gxf5 24. Nf4 fxg4 25. Ne6 Rf3 26. Nxg7 Rg3+ 27. Kf2
Rf3+ 28. Kg2 Nxc2 29. Qxc2 Qxc2+ 30. Rxc2 Kxg7 31. hxg4 Rf7 32. Rb7 a5 33. Bc1
Kg6 34. Re2 Ne5 35. Rb6 Nd7 36. Re6+ Kg7 37. Rb7 a4 38. Bb2+ Kg8 39. Re7 a3 40.
Ba1 {Time forfeit} 1-0

[Event "Rated Blitz game"]
[Site "?"]
[Date "2021.01.11"]
[Round "?"]
[White "heisenbergw364"]
[Black "Jakob19"]
[Result "0-1"]
[ECO "C42"]
[WhiteElo "2272"]
[BlackElo "2411"]
[PlyCount "78"]
[EventDate "2021.??.??"]
[EventType "blitz"]
[TimeControl "180"]

1. e4 e5 2. Nf3 Nf6 3. Nxe5 d6 4. Nxf7 Kxf7 5. Bc4+ d5 6. exd5 Bd6 7. O-O Rf8
8. d4 Kg8 9. Bb3 b5 10. a4 b4 11. c4 bxc3 12. bxc3 Bg4 13. f3 Bf5 14. Nd2 Kh8
15. c4 c5 16. Bb2 Nbd7 17. Ba3 Qe8 18. Re1 Qh5 19. Nf1 Rae8 20. Qd2 Qg6 21. Qa5
Bh3 22. Ra2 Rxe1 23. Qxe1 Nh5 24. Kh1 Bf5 25. g4 Bxg4 26. fxg4 Qxg4 27. Rg2 Qf3
28. Nd2 Qh3 29. dxc5 Nxc5 30. Bxc5 Bxc5 31. Bd1 Bd6 32. Bxh5 Qxh5 33. Nf1 Qf3
34. Ng3 h5 35. Qe2 h4 36. Qxf3 Rxf3 37. Ne4 Be5 38. c5 Rf4 39. Re2 h3 {Time
forfeit} 0-1

[Event "Rated Blitz game"]
[Site "?"]
[Date "2021.01.10"]
[Round "?"]
[White "berval"]
[Black "africanmorphy"]
[Result "1-0"]
[ECO "C42"]
[WhiteElo "2463"]
[BlackElo "2413"]
[PlyCount "97"]
[EventDate "2021.??.??"]
[EventType "blitz"]
[TimeControl "180"]

1. e4 e5 2. Nf3 Nf6 3. Nxe5 d6 4. Nxf7 Kxf7 5. d4 c6 6. Nc3 Be7 7. f4 Rf8 8. e5
dxe5 9. fxe5 Nd5 10. Bc4 Kg8 11. Qh5 b5 12. Bd3 h6 13. Qg6 Nxc3 14. bxc3 Bg5
15. Qh7+ Kf7 16. Bg6+ Ke6 17. Qxg7 Qe7 18. Qxe7+ Bxe7 19. Bxh6 Rg8 20. Be4 Bg5
21. Bxg5 Rxg5 22. h4 Rg4 23. Bf3 Rg8 24. h5 Nd7 25. a4 Ba6 26. Bxc6 Rac8 27.
axb5 Bxb5 28. Bxb5 Rxc3 29. Bxd7+ Kxd7 30. Rxa7+ Ke6 31. Ra6+ Kd5 32. Rd6+ Ke4
33. Rh4+ Ke3 34. Rh3+ Ke4 35. Rxc3 Rxg2 36. h6 Rh2 37. Rd3 Rh1+ 38. Kd2 Rh2+
39. Kc3 Rh4 40. e6 Rh5 41. d5 Rxh6 42. Rd8 Rh7 43. d6 Ra7 44. e7 Ra3+ 45. Kd2
Rc3 46. Rxc3 Kd5 47. e8=Q Kd4 48. Qe3+ Kd5 49. Rc5# {Normal} 1-0

[Event "Rated Blitz game"]
[Site "?"]
[Date "2021.01.10"]
[Round "?"]
[White "BombaLeila"]
[Black "LoneCypress"]
[Result "0-1"]
[ECO "C42"]
[WhiteElo "2243"]
[BlackElo "2421"]
[PlyCount "90"]
[EventDate "2021.??.??"]
[EventType "blitz"]
[TimeControl "180"]

1. e4 e5 2. Nf3 Nf6 3. Nxe5 d6 4. Nxf7 Kxf7 5. Nc3 Qe8 6. f3 c5 7. Bc4+ Be6 8.
Bb5 Nc6 9. g4 Be7 10. g5 Nh5 11. h4 Rf8 12. d3 Kg8 13. Be3 Qf7 14. Rf1 Nf4 15.
Qd2 Ne5 16. O-O-O a6 17. Ba4 Kh8 18. Kb1 b5 19. Bb3 c4 20. dxc4 bxc4 21. Ba4
Rab8 22. Nd5 Nxd5 23. exd5 Bf5 24. Ka1 c3 25. Qxc3 Rfc8 26. Bc6 Bd7 27. f4 Nxc6
28. dxc6 Rxc6 29. Qd2 Bf5 30. c3 Rb5 31. Bd4 Ra5 32. a3 Qb3 33. Bxg7+ Kxg7 34.
Qd4+ Kg8 35. Qb4 Qxb4 36. cxb4 Rb5 37. h5 d5 38. Rde1 Be4 39. f5 Bxg5 40. f6
Kf7 41. Rg1 h6 42. Ka2 Rxf6 43. Rc1 Rb7 44. Rc5 Rf2 45. Rd1 Bf6 {Normal} 0-1

[Event "Rated Blitz game"]
[Site "?"]
[Date "2021.01.09"]
[Round "?"]
[White "filmer75"]
[Black "camilomunoz0107"]
[Result "1/2-1/2"]
[ECO "C42"]
[WhiteElo "2559"]
[BlackElo "2427"]
[PlyCount "86"]
[EventDate "2021.??.??"]
[EventType "blitz"]
[TimeControl "180"]

1. e4 e5 2. Nf3 Nf6 3. Nxe5 d6 4. Nxf7 Kxf7 5. d4 Bg4 6. f3 Bh5 7. Bc4+ d5 8.
Bb3 Nxe4 9. O-O Nf6 10. c4 c6 11. Nc3 Bb4 12. cxd5 cxd5 13. Bg5 Bxc3 14. bxc3
Nc6 15. g4 Bg6 16. f4 Be4 17. Qe2 Re8 18. Rae1 Kg8 19. Qf2 Nxg4 20. Qh4 Nf6 21.
f5 Qd6 22. Re3 h6 23. Bxf6 Qxf6 24. Rxe4 Qxh4 25. Bxd5+ Kh7 26. Rxh4 Re3 27. f6
gxf6 28. Rxf6 Ne7 29. Rfxh6+ Kg7 30. Rh7+ Kf6 31. Rf7+ Kg5 32. Rhh7 Nf5 33. Kf2
Rxc3 34. Be6 Nxd4 35. Rhg7+ Kh6 36. Rh7+ Kg5 37. Rhg7+ Kh6 38. Bd5 Re8 39. Rh7+
Kg6 40. Rhg7+ Kh6 41. Rh7+ Kg6 42. Rfg7+ Kf6 43. Rf7+ Kg6 {Normal} 1/2-1/2